 Dungeon Crawl Stone Soup version 0.25-a0-424-g80bd347ae0 (webtiles) character file.

Game seed: 6379587580114948172, levelgen mode: deterministic

46 Alfie the Shooter (level 3, -3/27 HPs)
             Began as a Human Hunter on Jan 21, 2020.
             Slain by a gnoll
             ... wielding a cursed -1 halberd
              (7 damage)
             ... on level 2 of the Dungeon.
             The game lasted 00:04:04 (838 turns).

Alfie the Shooter (Human Hunter)                     Turns: 838, Time: 00:04:04

Health: -3/27      AC:  3    Str: 13    XL:     3   Next: 92%
Magic:  3/3        EV: 12    Int: 11    God:
Gold:   138        SH:  0    Dex: 13    Spells: 2/2 levels left

rFire    . . .     SeeInvis .   b - +0 short sword
rCold    . . .     Gourm    .   (no shield)
rNeg     . . .     Faith    .   c - +0 leather armour
rPois    .         Spirit   .   (no helmet)
rElec    .         Reflect  .   (no cloak)
rCorr    .         Harm     .   (no gloves)
MR       .....                  (no boots)
Stlth    +.........             (no amulet)
HPRegen  0.09/turn              (no ring)
MPRegen  0.08/turn              (no ring)

@: no status effects
A: no striking features
a: no special abilities


You were on level 2 of the Dungeon.
You were not hungry.

You visited 1 branch of the dungeon, and saw 2 of its levels.

You collected 138 gold pieces.

Inventory:

Hand Weapons
 a - a +1 shortbow
 b - a +0 short sword (weapon)
Missiles
 d - 11 arrows
Armour
 c - a +0 leather armour (worn)
Scrolls
 e - 2 scrolls of teleportation
Potions
 h - a potion of flight
Comestibles
 f - 2 rations


   Skills:
 + Level 2.3 Fighting
 + Level 5.0 Bows
 + Level 0.6 Armour
 + Level 2.0 Dodging
 + Level 1.1 Stealth


You had 2 spell levels left.
You didn't know any spells.
Your spell library was empty.

Dungeon Overview and Level Annotations

Branches:
Dungeon (2/15)

Altars:


Message History

The gnoll hits you from afar with a cursed -1 halberd!
You hit the giant cockroach but do no damage.
The giant cockroach is severely wounded.
The giant cockroach closely misses you. The gnoll barely misses you.
The giant cockroach completely misses you.
You closely miss the giant cockroach.
The giant cockroach is severely wounded.
The giant cockroach misses you.
A gnoll comes into view. It is wielding a +0 great sword.
The gnoll hits you from afar with a cursed -1 halberd!
* * * LOW HITPOINT WARNING * * *
It was a potion of flight.
You feel very buoyant.
You fly up into the air.
The giant cockroach bites you.
* * * LOW HITPOINT WARNING * * *
It was a potion of cancellation.
Your magical effects are unravelling.
You feel magically purged.
You float gracefully downwards.
The gnoll hits you from afar with a cursed -1 halberd!
You die...

#. #.## #..##
##.g## ##..####
##...g# ####g# #s#
#@### ###### #...#
#....# ## ###.#
#....#####. #.##
#...^...... #..#
#....######
##.###....###
##.....#.....##
##........)....###
#...............##


You could see 2 gnolls and a giant cockroach.

Vanquished Creatures
  A gnoll (D:1)
  A worm (D:2)
  2 dart slugs
  6 bats
  4 goblins (D:1)
  5 hobgoblins
  5 kobolds (D:1)
  6 rats
30 creatures vanquished.

Vanquished Creatures (others)
  5 toadstools (D:1)
5 creatures vanquished.

Grand Total: 35 creatures vanquished

Notes
Turn   | Place    | Note
-------+----------+-------------------------------------------
     0 | D:1      | Alfie the Human Hunter began the quest for the Orb.
     0 | D:1      | Reached XP level 1. HP: 16/16 MP: 1/1
   101 | D:1      | Reached XP level 2. HP: 20/22 MP: 2/2
   285 | D:1      | Reached XP level 3. HP: 27/27 MP: 3/3
   726 | D:2      | Reached skill level 5 in Bows
   838 | D:2      | Slain by a gnoll

Levels and vault maps discovered:
D:1:      ldierk_walled_garden, layout_loops_ring
D:2:      layout_rooms

Skill      XL: |  1  2  3 |
---------------+----------+-----
Bows           | 5 |  5.0
Fighting       | |  2.3
Armour         | |  0.6
Dodging        | |  2.0
Stealth        | |  1.1

Action                   || total
-------------------------++-------
Melee: Short sword       ||     8
 Fire: Shortbow          ||    78
  Use: Potion            ||     2
       Scroll            ||     1
Armor: Leather armour    ||     9
Dodge: Dodged            ||    21

Table legend:
 A = Non-vault XP
 B = Vault XP
 C = Vault XP percentage of total XP
 D = Non-vault monster count
 E = Vault monster count
 F = Vault count percentage of total count
                 A         B        C        D         E       F
            +---------+---------+-------+---------+---------+-------
      Total |      66 |       0 |   0.0 |      30 |       0 |   0.0
            +---------+---------+-------+---------+---------+-------
        D:1 |      52 |       0 |   0.0 |      25 |       0 |   0.0
        D:2 |      14 |       0 |   0.0 |       5 |       0 |   0.0
            +---------+---------+-------+---------+---------+-------
